 Dungeon Crawl Stone Soup version 0.24.0-2-g5b39cebb1c (webtiles) character file.

Game seed: 18035470094656073986, levelgen mode: deterministic

104 Aviak the Chopper (level 4, -1/41 HPs)
             Began as a Hill Orc Monk on Oct 29, 2019.
             Slain by a scorpion (2 damage)
             ... on level 3 of the Dungeon.
             The game lasted 00:01:30 (1822 turns).

Aviak the Chopper (Hill Orc Monk)                   Turns: 1822, Time: 00:01:31

Health: -1/41      AC:  8    Str: 19    XL:     4   Next: 80%
Magic:  4/4        EV:  8    Int: 10    God:
Gold:   104        SH:  0    Dex: 13    Spells: 3/3 levels left

rFire    . . .     SeeInvis .   a - +0 hand axe
rCold    . . .     Gourm    .   (no shield)
rNeg     . . .     Faith    .   r - +0 chain mail
rPois    .         Spirit   .   (no helmet)
rElec    .         Reflect  .   n - scarf {repulsion}
rCorr    .         Harm     .   (no gloves)
MR       .....                  (no boots)
Stlth    ..........             (no amulet)
HPRegen  0.13/turn              (no ring)
MPRegen  0.09/turn              (no ring)

@: mighty, lethally poisoned (-1 -> -14), flying, hasted, repel missiles, very
quick
A: no striking features
a: no special abilities


You were on level 3 of the Dungeon.
You were not hungry.

You visited 1 branch of the dungeon, and saw 3 of its levels.

You collected 104 gold pieces.

Inventory:

Hand Weapons
 a - a +0 hand axe (weapon)
Armour
 b - a +0 robe
 n - a scarf of repulsion (worn)
 r - a +0 chain mail (worn)
Jewellery
 h - an uncursed ring of flight {unknown}
Scrolls
 d - 7 scrolls of teleportation {unknown}
 g - a scroll of enchant weapon {unknown}
 i - a scroll of remove curse {unknown}
 j - 2 scrolls of immolation {unknown}
 k - a scroll of amnesia {unknown}
 l - 2 scrolls of enchant armour {unknown}
 p - 2 scrolls of magic mapping {unknown}
 t - a scroll of blinking {unknown}
Potions
 f - 2 potions of haste
 m - a potion of cancellation {unknown}
 o - a potion of brilliance {unknown}
Comestibles
 c - 2 rations
 s - a chunk of flesh


   Skills:
 + Level 4.7 Fighting
 + Level 5.3 Axes
 + Level 0.2 Armour
 - Level 3.1 Dodging
 - Level 1.5 Stealth


You had 3 spell levels left.
You didn't know any spells.
Your spell library was empty.

Dungeon Overview and Level Annotations

Branches:
Dungeon (3/15)

Altars:

Annotations:
D:3 1 runed translucent door, baljet's ghost, amateur MfSk


Message History

You closely miss the scorpion.
The scorpion is heavily wounded.
* * * LOW HITPOINT WARNING * * *
You feel sick. The scorpion stings you.
* * * LOW HITPOINT WARNING * * *
It was a potion of haste.
You feel yourself speed up.
f - 2 potions of haste;
i - a scroll labeled LUMMAV EVEON
* * * LOW HITPOINT WARNING * * *
You feel sick. The scorpion stings you.
* * * LOW HITPOINT WARNING * * *
It was a potion of flight.
You feel very buoyant.
You fly up into the air.
* * * LOW HITPOINT WARNING * * *
You feel sick. The scorpion closely misses you.
It was a potion of might.
You feel very mighty all of a sudden.
* * * LOW HITPOINT WARNING * * *
You feel sick. The scorpion stings you.
You die...

### ###.. ..#.#
#########.#.#
.....>....#.# ####
#.........#.#
#####.....
......#.#.#.###.....##
#.###.#.#.#.....@s...#
#.# #.#.....###.###..#
#.# #.#.........). #
#.#.......#.#..#.##
..#.#.#........#.. ###
#####.###..#.## ...
...#.# #.#....### ...
..


You could see a scorpion.

Vanquished Creatures
  Jessica (D:2)
  Natasha (D:2)
  A gnoll (D:1)
  An ooze (D:3)
  A worm (D:2)
  2 dart slugs (D:1)
  2 ball pythons
  2 giant cockroaches
  6 goblins
  3 hobgoblins
  2 quokkas
  2 bats
  7 frilled lizards
  4 kobolds
  4 rats
39 creatures vanquished.

Notes
Turn   | Place    | Note
-------+----------+-------------------------------------------
     0 | D:1      | Aviak the Hill Orc Monk began the quest for the Orb.
     0 | D:1      | Reached XP level 1. HP: 19/19 MP: 1/1
   296 | D:1      | Reached XP level 2. HP: 13/27 MP: 2/2
   636 | D:1      | Reached XP level 3. HP: 28/33 MP: 3/3
   819 | D:2      | Noticed Jessica
   825 | D:2      | Killed Jessica
   879 | D:2      | Reached XP level 4. HP: 36/41 MP: 4/4
   927 | D:2      | Reached skill level 5 in Axes
  1027 | D:2      | Noticed Natasha
  1038 | D:2      | Killed Natasha
  1774 | D:3      | Found a runed translucent door.
  1778 | D:3      | Noticed baljet's ghost (amateur MfSk)
  1820 | D:3      | HP: 2/41 [scorpion (4)]
  1822 | D:3      | Slain by a scorpion

Levels and vault maps discovered:
D:1:      minmay_arrival_jagged, layout_loops_cross, minmay_misc_feat_encased,
          minmay_crystal_water, solitary_fountain
D:2:      layout_loops_cross, uniq_natasha, uniq_jessica
D:3:      layout_basic, ebering_ghost_sewer_f, kennysheep_generic_room_14

Skill      XL: |  1  2  3  4 |
---------------+-------------+-----
Fighting       | 4 |  4.7
Dodging        | 3 |  3.1
Axes           | 5 |  5.3
Armour         | |  0.2
Stealth        | |  1.5

Action                   |  1- 3 |  4- 6 || total
-------------------------+-------+-------++-------
Melee: Hand axe          |    61 |    74 ||   135
  Use: Potion            |       |     3 ||     3
 Stab: Sleeping          |       |     2 ||     2
  Eat: Chunk             |       |     3 ||     3
Armor: Robe              |     4 |     4 ||     8
       Chain mail        |       |    12 ||    12
Dodge: Dodged            |    36 |    26 ||    62
